 Dungeon Crawl Stone Soup version 0.26.1-10-gdfb7c7de75 (webtiles) character file.

Game seed: 17240959804797272448

58 manyhoops the Skirmisher (level 3, 0/35 HPs)
             Began as a Palentonga Transmuter on Apr 3, 2021.
             Succumbed to an adder's poison
             ... on level 2 of the Dungeon on Apr 4, 2021.
             The game lasted 00:03:59 (1523 turns).

manyhoops the Skirmisher (Palentonga Transmuter)    Turns: 1523, Time: 00:03:59

Health: 0/35       AC:  5    Str: 14    XL:     3   Next: 76%
Magic:  6/6        EV: 10    Int: 13    God:
Gold:   66         SH:  0    Dex: 10    Spells: 5/6 levels left

rFire    . . .     SeeInvis +     - Unarmed
rCold    . . .     Faith    .   (no shield)
rNeg     . . .     Spirit   .   a - +0 robe
rPois    .         Reflect  .   (no helmet)
rElec    .         Harm     .   c - +0 cloak (curse)
rCorr    .         Rampage  .   (no gloves)
Will     .....                  (no barding)
Stlth    +.........             (no amulet)
HPRegen  0.11/turn              (no ring)
MPRegen  0.10/turn              (no ring)

@: lethally poisoned (0 -> -1), about to teleport
A: large, rugged brown scales 3, see invisible, deformed body, roll 1, armoured
tail
a: Rolling Charge


You were on level 2 of the Dungeon.
You visited 1 branch of the dungeon, and saw 2 of its levels.

You collected 66 gold pieces.

Inventory:

Armour
 a - a +0 robe (worn)
 c - a cursed +0 cloak (worn)


   Skills:
 + Level 3.7 Fighting
 - Level 1.5 Dodging
 - Level 3.0 Unarmed Combat
 - Level 2.0 Spellcasting
 - Level 2.0 Transmutations


You had 5 spell levels left.
You knew the following spells:

 Your Spells              Type           Power        Failure   Level
a - Beastly Appendage     Tmut           12%          11%         1

Your spell library contained the following spells:

 Spells                   Type           Power        Failure   Level
 Wereblood                Tmut           6%           17%         2
 Spider Form              Tmut/Pois      1%           45%         3
 Ice Form                 Ice/Tmut       3%           86%         4
 Blade Hands              Tmut           3%           97%         5


Dungeon Overview and Level Annotations

Branches:
Dungeon (2/15)

Altars:
Ashenzari


Innate Abilities, Weirdness & Mutations

You are completely covered in rugged brown scales. (AC +3, +7% HP)
You have supernaturally acute eyesight. (SInv)
Armour fits poorly on your strangely shaped body.
You can roll at nearby foes to attack.
You have a long armoured tail.


Message History

You hit the bat.
You kill the bat!
The bat hits you but does no damage.
You hit the bat.
The bat is heavily wounded.
The bat barely misses you.
You closely miss the bat.
The bat is heavily wounded.
You feel sick. The bat hits you but does no damage.
You hit the bat.
You kill the bat!
The ooze hits you.
* * * LOW HITPOINT WARNING * * *
* * * LOW HITPOINT WARNING * * *
You feel sick.
You aren't carrying any potions.
As you read the scroll labelled XIQUAM QUELUE, it crumbles to dust.
You feel strangely unstable.
It was a scroll of teleportation.
The ooze completely misses you.
You die...

# .#
############.###
.......†<#.....
########.#.#.# #
#.....# ##. #...###
#.#...#########...#
#.....@.J...$....#
#.#.#.#####.###..##
# #.# #..#
##.###..###
#.......<.#
#..........#
.....[........#
##..........#.#
#.........## #


You could see an ooze.

Vanquished Creatures
  An adder (D:2)
  A leopard gecko (D:1)
  7 bats
  A giant cockroach (D:1)
  7 goblins (D:1)
  9 hobgoblins
  4 jackals (D:1)
  4 kobolds
  A ball python (D:2)
  4 frilled lizards
  4 rats (D:1)
43 creatures vanquished.

Notes
Turn   | Place    | Note
-------+----------+-------------------------------------------
     0 | D:1      | manyhoops the Palentonga Transmuter began the quest for the
                  | Orb.
     0 | D:1      | Reached XP level 1. HP: 17/17 MP: 3/3
    73 | D:1      | Reached XP level 2. HP: 11/25 MP: 3/5
   946 | D:1      | Reached XP level 3. HP: 33/33 MP: 4/6
  1015 | D:1      | Found a broken altar of Ashenzari.
  1519 | D:2      | HP: 1/35 [poisoned by an adder]
  1523 | D:2      | Succumbed to an adder's poison

Illustrated notes

Levels and vault maps discovered:
D:1:      mrwooster_arrival_statue, layout_basic, ashenzari_altar_1
D:2:      layout_loops_ring, grunt_temple_overflow_open

Skill      XL: |  1  2 |
---------------+-------+-----
Fighting       | 2 3 |  3.7
Dodging        | |  1.5
Unarmed Combat | |  3.0
Spellcasting   | |  2.0
Transmutations | |  2.0

Action                   || total
-------------------------++-------
Melee: Unarmed           ||   164
       Tailslap          ||     5
       Kick              ||    19
       Punch             ||     3
       Headbutt          ||     7
 Cast: Beastly Appendage ||    18
  Use: Scroll            ||     1
Armor: Robe              ||    67
Dodge: Dodged            ||   104
